 Dungeon Crawl Stone Soup version 0.29.1-2-gbd0b4ee654 (webtiles) character file.

Game seed: 11440981238486397653

193 H0rd4k the Charlatan (level 5, -2/36 HPs)
             Began as an Octopode Artificer on Nov 29, 2022.
             Frozen to death by an endoplasm (5 damage)
             ... on level 1 of the Dungeon.
             The game lasted 00:01:12 (1476 turns).

H0rd4k the Charlatan (Octopode Artificer)           Turns: 1476, Time: 00:01:12

Health: -2/36      AC:  1    Str: 12    XL:     5   Next: 72%
Magic:  6/9        EV: 28    Int: 15    God:
Gold:   51         SH:  0    Dex: 12    Spells: 9/9 levels left

rFire   . . .      SeeInvis .     - Unarmed
rCold   . . .      Faith    .   (no shield)
rNeg    . . .      Spirit   .   (helmet restricted)
rPois   .          Reflect  .   j - amulet of the acrobat
rElec   .          Harm     .   m - ring of wizardry
rCorr   .          Rampage  .   (no ring)
Will    .....                   (no ring)
Stlth   +++.......              (no ring)
HPRegen 0.12/turn               (no ring)
MPRegen 0.11/turn               (no ring)
                                (no ring)
                                (no ring)

@: acrobatic
A: almost no armour, amphibious, 8 rings, camouflage 1, gelatinous body 1,
(nimble swimmer 1), tentacles
a: no special abilities


You were on level 1 of the Dungeon.
You visited 1 branch of the dungeon, and saw 2 of its levels.

You collected 51 gold pieces.

Inventory:

Jewellery
 j - an amulet of the acrobat (around mantle)
 m - a ring of wizardry (left tentacle)
 n - a ring of protection from cold
Wands
 b - a wand of flame (13) (quivered)
 c - a wand of charming (15)
 d - a wand of iceblast (3)
Scrolls
 a - 2 scrolls of vulnerability {unknown}
 e - a scroll of summoning {unknown}
 g - a scroll of enchant weapon {unknown}
 h - a scroll of poison {unknown}
 i - a scroll of immolation {unknown}
 k - a scroll of identify {unknown}
 l - a scroll of fear {unknown}
Potions
 f - 2 potions of brilliance {unknown}


   Skills:
 * Level 3.1 Fighting
 - Level 2.3 Dodging
 - Level 1.3 Stealth
 + Level 2.5 Unarmed Combat
 * Level 2.7 Spellcasting
 - Level 3.2 Evocations


You had 9 spell levels left.
You didn't know any spells.
Your spell library was empty.

Dungeon Overview and Level Annotations

Branches:
Dungeon (2/15)

Altars:

Shops:
D:2 !


Innate Abilities, Weirdness & Mutations

You cannot wear most types of armour.
You are amphibious.
You can wear up to eight rings at the same time.
Your skin changes colour to match your surroundings (Stealth+).
Your rubbery body absorbs attacks. (AC +1, EV +1)
((You are camouflaged when in or above water. (Stealth+)))
You have tentacles for arms and can constrict up to eight enemies at once.


Message History

The endoplasm quivers.
Your Fighting skill increases to level 3!
Your Unarmed Combat skill gained 2 levels and is now at level 2!
Your Spellcasting skill increases to level 2!
You have reached level 4!
You have reached level 5!
You feel stronger.
Unknown command.
You tentacle-slap the quokka but do no damage.
Your grab misses the quokka. The quokka bites you.
You barely miss the quokka. Your grab misses the quokka. The quokka bites you.
The endoplasm freezes you.
You are frozen.
You closely miss the quokka. Your grab misses the quokka.
You squeeze the quokka.
The quokka is severely wounded.
The quokka barely misses you. The endoplasm freezes you.
You are frozen.
The endoplasm attacks as you move away! The endoplasm hits you.
The quokka bites you.
There is a stone staircase leading up, spattered with blood here.
The endoplasm hits you. The quokka bites you.
* * * LOW HITPOINT WARNING * * *
You climb upwards.
There is a stone staircase leading down here.
The quokka bites you.
* * * LOW HITPOINT WARNING * * *
The endoplasm hits you but does no damage.
The quokka attacks as you move away! The quokka completely misses you.
The quokka attacks as you move away! The quokka bites you.
* * * LOW HITPOINT WARNING * * *
The quokka attacks as you move away! The quokka bites you.
* * * LOW HITPOINT WARNING * * *
The endoplasm jiggles.
The quokka bites you.
* * * LOW HITPOINT WARNING * * *
The endoplasm freezes you.
You are frozen.
You die...

###### #....# ###########
#....# #....>....# #....#
#.........# #....#######
#.........# #...........
#........J### #....######.
#.......r.@.####....# ##
#.........#...##(...#######
#######....................
##########...########.......
###......####..# ####.###
#.........###..## #.###
###.#........###..########
#.... #...#........#
#.........# #####
##.#.###......# ###.......#


You could see an endoplasm and a quokka.

Vanquished Creatures
  Sigmund (D:2)
  A dart slug (D:1)
  4 ball pythons
  4 endoplasms
  A giant cockroach (D:1)
  3 hobgoblins (D:1)
  2 quokkas (D:1)
  5 bats
  4 frilled lizards
  4 kobolds
  5 rats
34 creatures vanquished.

Notes
Turn   | Place    | Note
-------+----------+-------------------------------------------
     0 | D:1      | H0rd4k the Octopode Artificer began the quest for the Orb.
     0 | D:1      | Reached XP level 1. HP: 13/13 MP: 1/1
    83 | D:1      | Reached XP level 2. HP: 10/18 MP: 1/3
   236 | D:1      | Reached skill level 1 in Spellcasting
   880 | D:1      | Reached XP level 3. HP: 2/24 MP: 5/5
  1451 | D:2      | Found Laosun's Distillery.
  1456 | D:2      | Noticed Sigmund
  1464 | D:2      | Killed Sigmund
  1465 | D:2      | Reached XP level 4. HP: 31/31 MP: 5/8
  1465 | D:2      | Reached XP level 5. HP: 36/36 MP: 5/9
  1476 | D:1      | Frozen to death by an endoplasm

Illustrated notes

Levels and vault maps discovered:
D:1:      onia_arrival_mini_spirals, layout_rooms,
          hangedman_abyss_or_decor_stabs
D:2:      layout_rooms, serial_shops, shop, uniq_sigmund

Skill      XL: |  1  2  3 |
---------------+----------+-----
Spellcasting   | 1 2 |  2.7
Fighting       | 2 3 |  3.1
Unarmed Combat | 2 |  2.5
Dodging        | |  2.3
Stealth        | |  1.3
Evocations     | |  3.2

Action                   |  1- 3 |  4- 6 || total
-------------------------+-------+-------++-------
Melee: Unarmed           |    75 |     3 ||    78
       Tentacles         |    20 |     1 ||    21
       Constrict         |    19 |       ||    19
       Punch             |     3 |       ||     3
Evoke: Wand              |     4 |       ||     4
 Stab: Sleeping          |    11 |       ||    11
Armor: Skin              |    11 |     1 ||    12
Dodge: Dodged            |    38 |     2 ||    40
